 Dungeon Crawl Stone Soup version 0.31-a0-431-g88bdf31460 (webtiles) character file.

Game seed: 16106660512779112293

4678 testman the Mimic (level 10, -6/68 HPs)
             Began as an Octopode Shapeshifter on July 28, 2023.
             Was an Initiate of Gozag.
             Mangled by a troll (9 damage)
             ... on level 9 of the Dungeon on July 31, 2023.
             The game lasted 00:29:50 (8279 turns).

testman the Mimic (Octopode Shapeshifter)           Turns: 8279, Time: 00:29:51

Health: -6/68      AC:  5    Str: 19    XL:     10   Next: 44%
Magic:  1/1        EV: 15    Int: 11    God:    Gozag
Gold:   1301       SH:  0    Dex: 18    Spells: 9/9 levels left

rFire   . .          .
                       - Unarmed
rCold   . . .        (no shield)
rNeg    . . .        (helmet restricted)
rPois   +            J - amulet of magic regeneration
rElec   +            d - ring of poison resistance
rCorr   .            k - +4 ring of protection
SInv    .            r - ring of willpower
Will    .....        c - ring of Natiesym {rElec rPois Will- MP-9 Dex+6}
Stlth   +++          (no ring)
HPRegen 0.31/turn    (no ring)
MPRegen 0.47/turn    (no ring)
                     (no ring)

%: no passive effects
@: maw-form
A: devouring maw, almost no armour, amphibious, 8 rings, camouflage 1,
gelatinous body 1, (nimble swimmer 1), tentacles
a: Begin Untransformation, Renounce Religion, Potion Petition, Call Merchant,
Bribe Branch


You were on level 9 of the Dungeon.
You worshipped Gozag.
Gozag was most pleased with you.
You were a creature with a mouth for a stomach.
You visited 1 branch of the dungeon, and saw 9 of its levels.

You collected 1362 gold pieces.
You paid 61 gold pieces to Gozag.

Inventory:

Missiles
 e - 14 poisoned darts
Armour
 y - a +0 robe of willpower
Jewellery
 c - the ring of Natiesym (on tentacle) {rElec rPois Will- MP-9 Dex+6}
   (You acquired it on level 4 of the Dungeon)

   [ring of dexterity]

   Dex:       It affects your dexterity (+6).
   rElec:     It insulates you from electricity.
   rPois:     It protects you from poison.
   MP:        It affects your magic capacity (-9).
   Will:      It decreases your willpower.
 d - a ring of poison resistance (left tentacle)
 k - a +4 ring of protection (right tentacle)
 r - a ring of willpower (on tentacle)
 J - an amulet of magic regeneration (around mantle)
Talismans
 b - a beast talisman
 h - a maw talisman (active)
Wands
 v - a wand of paralysis (14)
 C - a wand of flame (61)
 F - a wand of mindburst (2)
 G - a wand of roots (10)
Scrolls
 f - 3 scrolls of immolation
 i - 5 scrolls of revelation {unknown}
 m - 2 scrolls of torment
 n - 2 scrolls of fog {unknown}
 p - 2 scrolls of teleportation {unknown}
 t - a scroll of blinking {unknown}
 w - a scroll of enchant armour {unknown}
 x - a scroll of amnesia {unknown}
 B - a scroll of poison {unknown}
 D - a scroll of brand weapon {unknown}
 E - a scroll of fear {unknown}
 I - 3 scrolls of enchant weapon {unknown}
Potions
 a - 3 potions of lignification
 g - 2 potions of haste
 j - a potion of curing
 l - 3 potions of cancellation
 o - 5 potions of ambrosia
 q - a potion of mutation
 s - 2 potions of attraction
 u - a potion of brilliance
 z - a potion of resistance
 A - a potion of invisibility
 H - a potion of enlightenment {unknown}


   Skills:
 + Level 6.3 Fighting
 + Level 4.8 Dodging
 + Level 7.1 Unarmed Combat
 + Level 9.9 Shapeshifting


You had 9 spell levels left.
You didn't know any spells.
Your spell library contained the following spells:

 Spells                   Type           Power      Damage    Failure   Level
 Freeze                   Ice            0%         1d3       34%         1
 Sublimation of Blood     Necr           0%         N/A       47%         2
 Wereblood                Tmut           0%         N/A       47%         2
 Call Canine Familiar     Summ           0%         N/A       71%         3
 Dazzling Flash           Conj/Hex       0%         N/A       71%         3
 Frozen Ramparts          Ice            0%         1d1       71%         3
 Hailstorm                Conj/Ice       0%         3d3       71%         3
 Portal Projectile        Hex/Tloc       0%         N/A       71%         3
 Leda's Liquefaction      Hex/Erth       0%         N/A       98%         4
 Agony                    Necr           0%         N/A       100%        5
 Irradiate                Conj/Tmut      0%         3d11      100%        5
 Silence                  Hex/Air        0%         N/A       100%        5
 Summon Hydra             Summ           0%         N/A       100%        7


Dungeon Overview and Level Annotations

Branches:
Dungeon (9/15)             Temple (0/1) D:4
   Lair: D:8-11         Orc: D:9-12

Altars:
Cheibriados
Dithmenos
Gozag

Annotations:
D:4 Natasha


Innate Abilities, Weirdness & Mutations

You are a creature with a mouth for a stomach.
Your midsection houses a second, enormous mouth.
You cannot wear most types of armour.
You are amphibious.
You can wear up to eight rings at the same time.
Your skin changes colour to match your surroundings (Stealth+).
Your rubbery body absorbs attacks. (AC +1, EV +1)
((You are camouflaged when in or above water. (Stealth+)))
You have tentacles for arms and can constrict up to eight enemies at once.


Message History

Okay, then.
I - 3 scrolls labelled NIUDOTHROEL (gained 2)
Found a pair of runed boots.
Things that are here:
a +2 pair of boots; a +0 battleaxe You now have 1301 gold pieces (gained 12).
You see here 3 stones.
l - 3 potions of cancellation (gained 1)
Found a stone staircase leading up.
There is a stone staircase leading up here.
Found a scale mail.
A troll comes into view.
No target in view!
No target in view!
Found a scroll labelled PYOCHI QUINGEC.
The troll bites you! The troll claws you. The troll claws you!
You closely miss the troll. You squeeze the troll. Your bite misses the troll.
The troll is lightly wounded.
The troll misses you. The troll claws you. The troll barely misses you.
You bludgeon the troll!
The troll is moderately wounded.
The troll misses you. The troll claws you. The troll claws you!
You are too injured to fight recklessly!
You are too injured to fight recklessly!
You are too injured to fight recklessly!
You tentacle-slap the troll.
The troll is moderately wounded.
The troll bites you. The troll claws you. The troll claws you!
* * * LOW HITPOINT WARNING * * *
You tentacle-slap the troll. You squeeze the troll.
The troll is heavily wounded.
The troll closely misses you. The troll barely misses you.
The troll closely misses you.
You closely miss the troll.
The troll is moderately wounded.
The troll bites you!
* * * LOW HITPOINT WARNING * * *
The troll barely misses you. The troll claws you!
You die...
Your body crumbles into a pile of gold.

.# ####...#.#.# ##
#####....###.#.##
####.....####
#.#..# #....#####
#.#..# #.####
#.#..#### #.#
#.#.....# #.#
#.#.###..#
..######## ##.#.#
..# .........#
#.TW.# .#
########.........##
.# #####..[. .
#...## ..... .....?
....... ##.......


You could see a troll.

Vanquished Creatures
  2 two-headed ogres
  Psyche (D:8)
  A troll (D:9)
  Edmund (D:4)
  2 water moccasins
  A sky beast (D:6)
  2 black bears
  2 orc warriors
  2 ogres
  A centaur (D:6)
  A phantom (D:5)
  2 bullfrogs (D:6)
  4 scorpions
  7 wights
  3 killer bees (D:9)
  A howler monkey (D:5)
  3 orc priests
  A jelly (D:5)
  4 sleepcaps
  Ijyb (D:4)
  3 gnoll boudas
  2 iguanas (D:4)
  Natasha (twice) (D:4)
  6 orc wizards
  24 gnolls
  4 adders
  2 shadow imps
  A white imp (D:7)
  A worm (D:3)
  5 dart slugs
  30 orcs
  7 ball pythons
  6 bats
  8 endoplasms
  5 giant cockroaches
  4 goblins
  4 hobgoblins
  3 jackals (D:1)
  4 quokkas
  4 frilled lizards
  6 kobolds
  3 rats
176 creatures vanquished.

Notes
Turn   | Place    | Note
-------+----------+-------------------------------------------
     0 | D:1      | testman the Octopode Shapeshifter began the quest for the
                  | Orb.
     0 | D:1      | Reached XP level 1. HP: 13/13 MP: 1/1
    73 | D:1      | Reached XP level 2. HP: 12/18 MP: 2/2
   192 | D:1      | Reached XP level 3. HP: 7/24 MP: 3/3
  1075 | D:2      | Found a snail-covered altar of Cheibriados.
  1081 | D:2      | Upgraded the game from 0.31-a0-369-g8eba5f6939 to
                  | 0.31-a0-408-gb642c7f9a3
  1668 | D:2      | Upgraded the game from 0.31-a0-408-gb642c7f9a3 to
                  | 0.31-a0-431-g88bdf31460
  1708 | D:3      | Found a faded altar of an unknown god.
  1731 | D:3      | Reached XP level 4. HP: 29/29 MP: 4/4
  1957 | D:3      | Found a large runed translucent door.
  1958 | D:3      | Found a large runed translucent door.
  2312 | D:3      | Found an opulent altar of Gozag.
  2319 | D:3      | Found a shadowy altar of Dithmenos.
  2336 | D:3      | Became a worshipper of Gozag Ym Sagoz the Greedy
  2398 | D:4      | Noticed a scorpion
  2403 | D:4      | Killed a scorpion
  2404 | D:4      | Reached XP level 5. HP: 32/36 MP: 5/5
  2416 | D:4      | Noticed a water moccasin
  2422 | D:4      | Noticed Edmund
  2424 | D:4      | Killed a water moccasin
  2425 | D:4      | Reached skill level 4 in Shapeshifting
  2425 | D:4      | Reached XP level 6. HP: 34/42 MP: 6/6
  2432 | D:4      | Identified a scroll of acquirement
  2432 | D:4      | Acquired the ring of Natiesym {rElec rPois Will- MP-9
                  | Dex+6}
  2596 | D:4      | Killed Edmund
  2806 | D:4      | Noticed Natasha
  2815 | D:4      | Killed Natasha
  2816 | D:4      | Reached XP level 7. HP: 14/48 MP: 0/7
  2944 | D:4      | Noticed Natasha
  2952 | D:4      | Killed Natasha
  2953 | D:4      | Reached skill level 5 in Unarmed Combat
  3550 | D:4      | Found a staircase to the Ecumenical Temple.
  3677 | D:4      | Noticed Natasha
  3750 | D:4      | Noticed Ijyb
  3758 | D:4      | Killed Ijyb
  4431 | D:5      | Entered Level 5 of the Dungeon
  4513 | D:5      | Reached skill level 5 in Shapeshifting
  4513 | D:5      | Reached XP level 8. HP: 25/54 MP: 0/8
  4725 | D:5      | Reached skill level 5 in Fighting
  5252 | D:6      | Reached skill level 6 in Shapeshifting
  5468 | D:6      | Reached skill level 7 in Shapeshifting
  5586 | D:6      | Reached XP level 9. HP: 55/61 MP: 0/9
  5901 | D:6      | Reached skill level 8 in Shapeshifting
  6789 | D:7      | Reached skill level 9 in Shapeshifting
  7345 | D:8      | Noticed a two-headed ogre
  7352 | D:8      | Killed a two-headed ogre
  7353 | D:8      | Reached XP level 10. HP: 21/67 MP: 1/10
  7640 | D:8      | Noticed Psyche
  7649 | D:8      | Killed Psyche
  7893 | D:9      | Noticed a two-headed ogre
  7906 | D:9      | Killed a two-headed ogre
  8279 | D:9      | HP: 3/68 [troll (15)]
  8279 | D:9      | Mangled by a troll

Illustrated notes

Levels and vault maps discovered:
D:1:      spicycebolla_arrival_clurvy, layout_basic, minmay_misc_feat_plants,
          chequers_serial_rivers_small_a, minivault_5, minmay_gold_behind_fungi
D:2:      layout_basic, basic_altar, minmay_misc_feat_secret_circle
D:3:      layout_loops_ring, jmf_multi_god_temple2,
          chequers_ecumenical_altar_simple
D:4:      layout_layer_cave, temple_doors_cd, minmay_quantized, uniq_edmund,
          uniq_natasha, uniq_ijyb
D:5:      layout_loops_ring
D:6:      layout_loops_cross, roderic_serpentine_path
D:7:      layout_rooms
D:8:      layout_rooms, minmay_microvault, uniq_psyche
D:9:      layout_rooms, mainiacjoe_overflow_alcove_2, lair_entry_dummy

Skill      XL: |  1  2  3  4  5  6  7  8  9 10 |
---------------+-------------------------------+-----
Fighting       | 2 3 4 5 6 |  6.3
Unarmed Combat | 4 5 6 7 |  7.1
Shapeshifting  | 4 5 7 9 |  9.9
Dodging        | 3 4 |  4.8

Action                     |  1- 3 |  4- 6 |  7- 9 | 10-12 || total
---------------------------+-------+-------+-------+-------++-------
  Melee: Unarmed           |    86 |    60 |   225 |    32 ||   403
         Constrict         |    20 |    16 |    65 |     3 ||   104
         Tentacles         |    12 |    13 |    59 |    13 ||    97
         Punch             |     1 |     3 |    12 |     2 ||    18
         Maw               |       |       |     4 |     7 ||    11
  Throw: Dart              |       |       |     1 |       ||     1
    Use: Scroll            |       |     5 |     7 |       ||    12
         Potion            |       |     1 |     1 |       ||     2
   Stab: Sleeping          |     7 |       |    10 |       ||    17
         Distracted        |       |       |     4 |       ||     4
 Armour: Skin              |     9 |     6 |    23 |     5 ||    43
  Dodge: Dodged            |    62 |    27 |    87 |    23 ||   199
   Form: Maw               |       |       |     1 |       ||     1

Table legend: (Time is in decaauts)
 A = Elapsed time spent in this place.
 B = Non-inter-level travel time spent in this place.
 C = Inter-level travel time spent in this place.
 D = Time resting spent in this place.
 E = Time spent auto-exploring this place.
 F = Levels seen in this place.
 G = Mean time per level.
                   A        B        C        D        E       F      G
               +--------+--------+--------+--------+--------+-----+--------+
         Total |   8228 |   7952 |    276 |    617 |   6092 |   9 |  914.2 |
       Dungeon |   8228 |   7952 |    276 |    617 |   6092 |   9 |  914.2 |
               +--------+--------+--------+--------+--------+-----+--------+

Top non-repeatable levels by time:
     D:4: 1908 daAuts
     D:6: 1179 daAuts
     D:1: 1060 daAuts
     D:5: 810 daAuts
     D:3: 809 daAuts
     D:8: 788 daAuts
     D:2: 627 daAuts
     D:7: 553 daAuts
     D:9: 490 daAuts
